[Event "Late-Titled-Tuesday-Blitz-October-03-2023"]
[Site "Chess.com"]
[Date "2023.10.03"]
[Round "1"]
[White "komogro"]
[Black "TigrVShlyape"]
[Result "0-1"]
[WhiteElo "2488"]
[BlackElo "2950"]
[TimeControl "180+1"]
[EndTime "14:08:07 PDT"]
[Termination "TigrVShlyape won on time"]

1. d4 g6 2. c4 Bg7 3. Nc3 d6 4. e4 c5 5. Nf3 Nc6 6. d5 Nd4 7. Be2 Nxe2 8. Qxe2 Bg4 9. O-O Nf6 10. Bf4 Nd7 11.
Bg3 Bxc3 12. bxc3 f6 13. h3 Bxf3 14. Qxf3 Qa5 15. Rfc1 O-O-O 16. a4 Kb8 17. Rcb1 Ka8 18. Rb5 Qc7 19. a5 h5 20. Rab1 Rb8 21. Bh2 a6 22. R5b3 Qxa5 23. Qe2 Ka7 24. Qb2 Qc7 25. Bf4 g5 26. Be3 Ne5 27. Qe2 g4 28. h4 Ng6 29.
g3 Ne5 30. Kg2 Qd7 31. Bf4 Ng6 32. Be3 Rhf8 33. Qb2 Qc7 34. Qc2 Ne5 35. Qe2 Qd7 36.
Ra3 f5 37. Qa2 fxe4 38. Ra1 Qc8 39. Ra5 Nd3 40. Qa3 Ra8 41. Qb3 Kb8 42. R1a2 Kc7 43. Qd1 b6 44. R5a3 Qb7 45. Bg5 Kd7 46. Qe2 Rxf2+ 47. Qxf2 Nxf2 48. Kxf2 b5 49. Re2 bxc4 50.
Rxe4 Rf8+ 51. Kg2 Qb2+ 0-1

[Event "Late-Titled-Tuesday-Blitz-October-03-2023"]
[Site "Chess.com"]
[Date "2023.10.03"]
[Round "1"]
[White "akanga001"]
[Black "josiur"]
[Result "1/2-1/2"]
[WhiteElo "2020"]
[BlackElo "2512"]
[TimeControl "180+1"]
[EndTime "14:08:07 PDT"]
[Termination "Game drawn by repetition"]

1. d4 d5 2. c4 e6 3. Nf3 a6 4.
cxd5 exd5 5. Nc3 Nf6 6. Bg5 c6 7. e3 Be7 8. Bd3 O-O 9. O-O Bg4 10. h3 Bxf3 11. Qxf3 h6 12. Bf4 Nbd7 13. Rab1 a5 14.
a3 a4 15. Rbc1 Ne8 16. Rc2 Bd6 17. Bxd6 Nxd6 18. Qg3 Nf6 19. f3 Re8 20. Re2 b5 21. e4 Nc4 22. e5 Nh5 23. Qg4 Qg5 24. f4 Qxg4 25. hxg4 Ng3 26. f5 Nxe2+ 27. Bxe2 Nxb2 28. Kh2 Nc4 29. Nb1 Rab8 30. Kg3 b4 31. axb4 Rxb4 32. Kf4 a3 33. Nc3 Nd2 34. Ra1 Rxd4+ 35. Ke3 Nb3 36. Rxa3 Rxe5+ 37. Kf2 Nc1 38. Bf3 Nd3+ 39.
Kg3 Nc5 40. Ra8+ Kh7 41. Ne2 Rd3 42. Nf4 Ne4+ 43. Kh2 Rd2 44. Ra7 Ng5 45. Kg3 Nxf3 46. gxf3 Re8 47. Rxf7 Kg8 48. Rc7 d4 49. Rxc6 Re7 50.
Rd6 Kf7 51. Ng6 Rc7 52. Rd8 Kf6 53. Rd6+ Kf7 54. Rd8 Kf6 55. Rd6+ Kf7 1/2-1/2

[Event "Late-Titled-Tuesday-Blitz-October-03-2023"]
[Site "Chess.com"]
[Date "2023.10.03"]
[Round "1"]
[White "AlejandroBalde"]
[Black "PositionalPanther"]
[Result "0-1"]
[WhiteElo "2104"]
[BlackElo "2529"]
[TimeControl "180+1"]
[EndTime "14:08:08 PDT"]
[Termination "PositionalPanther won by resignation"]

1. e4 e6 2. d4 d5 3. exd5 exd5 4. c4 Nf6 5. Nc3 Bb4 6. Nf3 O-O 7. Be2 dxc4 8. O-O h6 9. Bxc4 Bg4 10. Be3 Nc6 11.
a3 Bd6 12. h3 Bh5 13. Be2 Bg6 14. Bd3 Bxd3 15. Qxd3 a6 16. b4 Re8 17. Rad1 Qd7 18. d5 Ne5 19. Nxe5 Bxe5 20. Bd4 Rad8 21. f4 Bxd4+ 22. Qxd4 c6 23. Rfe1 Rxe1+ 24. Rxe1 Nxd5 25. Nxd5 cxd5 26. Qb6 d4 27. f5 d3 28. f6 d2 29. Rd1 g6 30. Qe3 Kh7 31. Qe7 Qd4+ 32. Kh1 Rd7 33. Qe2 Qxf6 34. Rxd2 Rxd2 35. Qxd2 Qa1+ 36. Kh2 Qxa3 37. Qd7 Qb3 38. Qxb7 a5 39. b5 a4 40. b6 a3 41. Qa6 a2 42. b7 Qb2 43.
Qa7 Kg7 44. b8=Q Qxb8+ 45. Qxb8 a1=Q 46. Qb4 Qf6 47. Qg4 h5 48. Qf3 Qd6+ 49. Qg3 Qd5 50. Qc3+ Kh7 51. Qg3 Qe6 52. Qf3 f6 53. Qb7+ Kh6 54.
Qf3 g5 55. Qa8 h4 56. Qh8+ Kg6 57. Qb8 Qe5+ 58. Qxe5 fxe5 59. Kg1 Kf5 60. Kf2 Kf4 61. Ke2 Kg3 62. Kf1 e4 63. Kg1 e3 64. Kf1 e2+ 0-1

[Event "Late-Titled-Tuesday-Blitz-October-03-2023"]
[Site "Chess.com"]
[Date "2023.10.03"]
[Round "1"]
[White "GP9isback23"]
[Black "Road2GM3000"]
[Result "1-0"]
[WhiteElo "2647"]
[BlackElo "2348"]
[TimeControl "180+1"]
[EndTime "14:08:11 PDT"]
[Termination "GP9isback23 won by resignation"]

1. f3 d5 2. d4 c6 3. c3 Nf6 4. Be3 Bf5 5. Bf2 e6 6. e3 Bd6 7. Bd3 Bxd3 8. Qxd3 O-O 9. e4 e5 10. Nd2 Nbd7 11. Ne2 Qc7 12. Kd1 c5 13. exd5 exd4 14. cxd4 Rad8 15. Rc1 b6 16. Kc2 Bf4 17. Kb1 Bxd2 18. Qxd2 Qd6 19. dxc5 Nxc5 20. Bxc5 bxc5 21. Rhd1 Qxd5 22. Qxd5 Nxd5 23. Rxc5 Ne3 24. Rxd8 Rxd8 25. Nc3 Nxg2 26. Rc7 a6 27. Ra7 f5 28. Rxa6 f4 29. a4 Nh4 30. Ne2 g5 31. Ra5 h6 32.
Ra6 Nxf3 33. Rxh6 Kg7 34. Rb6 Nd2+ 35. Ka2 f3 36. Ng3 f2 37. a5 Ne4 38. Nf1 Rd1 39. Ne3 Re1 40. Nf5+ Kf8 41. Ng3 Ke7 42. Rb7+ Ke8 43. Rb8+ Kd7 44. Rf8 Ke7 45. Nxe4 Kxf8 46.
Nxf2 Re2 47. Ng4 Rg2 48. Ne5 Rxh2 49. a6 Rh7 50. b4 Re7 51. b5 Rxe5 52. a7 Re8 53. b6 g4 54. b7 g3 55. a8=Q g2 56.
Qxe8+ Kxe8 57. b8=Q+ Ke7 58. Qg3 Kf6 59. Qxg2 1-0

[Event "Late-Titled-Tuesday-Blitz-October-03-2023"]
[Site "Chess.com"]
[Date "2023.10.03"]
[Round "1"]
[White "MathiasWomacka"]
[Black "canary2016"]
[Result "1/2-1/2"]
[WhiteElo "2525"]
[BlackElo "2123"]
[TimeControl "180+1"]
[EndTime "14:08:13 PDT"]
[Termination "Game drawn by stalemate"]

1. e4 c5 2. Nf3 d6 3. d4 cxd4 4.
Nxd4 Nf6 5. Nc3 Nc6 6. Be2 g6 7. Nb3 Bg7 8. O-O O-O 9. Re1 e6 10. Bg5 Qb6 11. Qxd6 Rd8 12. Qf4 e5 13. Qh4 Nd4 14.
Nd5 Rxd5 15. exd5 Nxd5 16. Nxd4 exd4 17. Bc4 Be6 18. Bb3 Rc8 19. h3 a5 20. Rad1 Qb5 21.
a4 Qb6 22. Re4 Qc6 23. Rde1 b5 24. axb5 Qxb5 25. Ra1 Qc6 26. Rxa5 Qb6 27. Rxd5 Bxd5 28. Bxd5 Qxb2 29. Bf6 Qc1+ 30. Kh2 Qxc2 31. Bxg7 Kxg7 32. Qe7 Qc7+ 33. Qxc7 Rxc7 34. Rxd4 Rd7 35. Rd3 Kf6 36. Be4 Re7 37. Bf3 Re8 38. Rd7 Re5 39. Kg3 Rg5+ 40. Kf4 Rf5+ 41. Ke3 Re5+ 42. Kd4 Re1 43. Bd5 Rd1+ 44. Ke3 Re1+ 45. Kf3 Rd1 46. Rxf7+ Ke5 47. Rd7 Rxd5 48. Rxd5+ Kxd5 49. Kf4 Ke6 50. Kg5 Kf7 51. Kh6 Kg8 52. g4 Kh8 53. f4 Kg8 54. f5 gxf5 55. gxf5 Kf7 56. Kxh7 Kf6 57. h4 Kxf5 58. h5 Kf6 59. Kh6 Kf7 60. Kg5 Kg7 61. h6+ Kh7 62. Kh5 Kh8 63. Kg6 Kg8 64.
h7+ Kh8 65. Kh6 1/2-1/2

[Event "Late-Titled-Tuesday-Blitz-October-03-2023"]
[Site "Chess.com"]
[Date "2023.10.03"]
[Round "1"]
[White "andjela_djidjika"]
[Black "Herman-NY"]
[Result "0-1"]
[WhiteElo "1985"]
[BlackElo "2517"]
[TimeControl "180+1"]
[EndTime "14:08:13 PDT"]
[Termination "Herman-NY won by checkmate"]

1. e4 c5 2. Nf3 Nc6 3. Bb5 e6 4. Bxc6 bxc6 5. d3 d6 6. O-O e5 7. c4 Ne7 8. Nc3 Ng6 9. Be3 Be7 10. Qd2 O-O 11. h3 h6 12. Nh2 f5 13. exf5 Bxf5 14. Rae1 Qd7 15. Ne4 Rf7 16. Ng3 Be6 17.
f4 Bh4 18. f5 Bxg3 19. fxe6 Bxh2+ 20. Kxh2 Qxe6 21. Rxf7 Qxf7 22. Qe2 Rf8 23. Kg1 Qe6 24. Bd2 Nh4 25. Qe4 Qf6 26. Be3 Nf5 27. Rf1 Qe6 28.
Bf2 d5 29. cxd5 cxd5 30. Qg4 d4 31. Re1 Qd5 32. b3 Rf6 33. Qe4 Qxe4 34. Rxe4 Re6 35.
g4 Nd6 36. Re2 e4 37. Be1 e3 38. Kg2 Kf7 39. Bg3 Nb5 40. Bb8 Rb6 41. Bg3 Ke6 42. Rc2 Kd5 43. Be1 Rf6 44. a4 Nd6 45. Re2 a6 46. Bh4 Rf7 47. Bg3 Ne8 48. Rc2 Rb7 49. Rb2 Nf6 50. Bh4 Ng8 51. g5 h5 52. g6 Rb6 53. Kf3 Rxg6 54. Re2 Rb6 55. Rb2 Nh6 56. Bg5 Nf5 57. Bf4 g6 58. Ke2 Ne7 59. Kf3 Nc6 60. Bg3 Nb4 61. Ke2 Rf6 62. Bh4 Rf5 63. Rb1 g5 64. Bg3 h4 65. Bc7 Rf2+ 66. Ke1 Nxd3+ 67.
Kd1 Rd2# 0-1

[Event "Late-Titled-Tuesday-Blitz-October-03-2023"]
[Site "Chess.com"]
[Date "2023.10.03"]
[Round "1"]
[White "GoltsevDmitry2000"]
[Black "cukus"]
[Result "1-0"]
[WhiteElo "2680"]
[BlackElo "2370"]
[TimeControl "180+1"]
[EndTime "14:08:14 PDT"]
[Termination "GoltsevDmitry2000 won by resignation"]

1. e4 e6 2. d4 d5 3. exd5 exd5 4.
Nf3 Bd6 5. c4 Nf6 6. Nc3 O-O 7.
Be2 dxc4 8. Bxc4 Re8+ 9. Be3 Nbd7 10. O-O Nb6 11. Bb3 c6 12. Bg5 Bg4 13. Qd3 Bh5 14.
Nh4 Bxh2+ 15. Kh1 Bc7 16. Rae1 Qd6 17. g3 Bg6 18. Nxg6 hxg6 19. Qxg6 Nfd5 20. Qxd6 Bxd6 21. Ne4 Bb4 22. Re2 Re6 23. Nc3 Rae8 24. Rxe6 Rxe6 25. Kg2 g6 26. Kf3 Kg7 27. Ne4 f5 28. Nc5 Bxc5 29. dxc5 Re4 30. cxb6 axb6 31. Bxd5 cxd5 32. Rd1 d4 33. Bf4 Kf6 34. Bc7 b5 35. Bb6 Ke5 36. Ba5 Kd5 37. Re1 g5 38. Rxe4 fxe4+ 39. Ke2 g4 40. b3 Kc5 41. Bd2 Kd5 42. Bh6 Kc5 43.
Kd2 Kd5 44. Bf8 Ke5 45. Bg7+ Kd5 46. Bf6 Kc5 47. Be7+ Kd5 48. Ba3 Ke5 49. Bb4 Kd5 50. a4 bxa4 51. bxa4 Kc4 52. Bf8 Kb3 53. a5 Ka4 54.
Bg7 e3+ 55. fxe3 dxe3+ 56. Kxe3 Kxa5 57. Kf4 Kb5 58. Kxg4 Kc4 59. Kf5 Kd5 60. g4 b5 61. g5 Kd6 62. Kg6 Ke7 63. Kh7 Kf7 64. g6+ Ke6 65. Bb2 1-0

[Event "Late-Titled-Tuesday-Blitz-October-03-2023"]
[Site "Chess.com"]
[Date "2023.10.03"]
[Round "1"]
[White "Sacbutt"]
[Black "zajka-molotok"]
[Result "0-1"]
[WhiteElo "2249"]
[BlackElo "2578"]
[TimeControl "180+1"]
[EndTime "14:08:14 PDT"]
[Termination "zajka-molotok won by checkmate"]

1. d4 d5 2. c4 c6 3. Nf3 Nf6 4. Nc3 dxc4 5. a4 Bf5 6. e3 e6 7. Bxc4 Bb4 8. O-O O-O 9. Qe2 Nbd7 10. Nh4 Bg4 11. f3 Bh5 12. g3 e5 13. d5 Bxc3 14. bxc3 cxd5 15. Ba2 Rc8 16. Ba3 Re8 17. Rac1 Nb6 18. g4 Bg6 19. Nxg6 hxg6 20. a5 Nc4 21. Bb4 Nxa5 22. Qb5 Nc4 23. Bxc4 Rxc4 24. Qxb7 Rc7 25. Qb5 Rd7 26. Ba5 Qe7 27. Rfd1 e4 28. g5 exf3 29. gxf6 Qxe3+ 30. Kh1 f2 31. Qf1 gxf6 32. Qg2 Qe1+ 33. Qf1 Qe4+ 34. Qg2 Qf4 35. Rf1 Re2 36. c4 dxc4 37. Bc3 Rd3 38. Bb4 Kg7 39. Bc3 Rf3 40. Bb4 Qf5 41. Bc3 a5 42. Bxa5 Rf4 43. Bc3 Rg4 44. Qc6 Ree4 45. Bxf6+ Qxf6 46. Qxf6+ Kxf6 47. h3 Rgf4 48. Kg2 Re2 49. Rc3 Kg5 50. Rg3+ Kh6 51. Rc3 f5 52. Rg3 g5 53. Rc3 Kh5 54. Ra3 g4 55.
hxg4+ fxg4 56. Rh1+ Kg5 57. Ra5+ Rf5 58. Ra3 Re1 59.
Rf1 Rxf1 60. Kxf1 Rf4 61. Rc3 Kh4 62. Kg2 f1=Q+ 63. Kh2 Rf2# 0-1

[Event "Late-Titled-Tuesday-Blitz-October-03-2023"]
[Site "Chess.com"]
[Date "2023.10.03"]
[Round "1"]
[White "akretchetov"]
[Black "Firouzja2003"]
[Result "0-1"]
[WhiteElo "2511"]
[BlackElo "3129"]
[TimeControl "180+1"]
[EndTime "14:08:18 PDT"]
[Termination "Firouzja2003 won on time"]

1. Nf3 Nf6 2. c4 g6 3. Nc3 Bg7 4. e4 d6 5. d4 O-O 6. Be2 e5 7. d5 a5 8. Bg5 h6 9. Bh4 Na6 10. Nd2 Qe8 11. a3 Bd7 12. b3 Nh7 13. Qc2 f5 14. f3 h5 15. Rb1 Bh6 16. Bf2 Qe7 17. b4 axb4 18. axb4 Qg5 19. h4 Qe7 20. Nd1 Nf6 21.
Ne3 fxe4 22. Nxe4 Nxe4 23. Qxe4 Qf7 24. Qc2 e4 25. O-O exf3 26. Bxf3 Kh7 27. Qc3 Rae8 28. Rbe1 Qg7 29. Qa3 Re5 30. c5 Bb5 31. c6 b6 32.
Nc2 Bxf1 33. Rxf1 Nb8 34. Nd4 Qe7 35. Qb3 Be3 36. Ne6 Bxf2+ 37. Rxf2 Re8 38. b5 Re1+ 39.
Rf1 Qxh4 40. Qc3 Rxf1+ 41. Kxf1 Qe7 42. Kf2 Kg8 43. Be4 Qf7+ 44. Kg1 Re7 45. Qd3 Qf6 46.
Bxg6 Qa1+ 47. Kh2 Qe5+ 48. Kg1 Qa1+ 49. Kh2 Qf6 50. Bxh5 Rh7 51. g4 Qe5+ 52. Kg2 Rh6 53. Qf3 Rf6 54. Qd3 Qe1 0-1

[Event "Late-Titled-Tuesday-Blitz-October-03-2023"]
[Site "Chess.com"]
[Date "2023.10.03"]
[Round "1"]
[White "Rud_Makarian"]
[Black "scandalgod"]
[Result "1-0"]
[WhiteElo "2958"]
[BlackElo "2490"]
[TimeControl "180+1"]
[EndTime "14:08:18 PDT"]
[Termination "Rud_Makarian won on time"]

1. d4 d5 2. c4 c6 3. Nf3 Nf6 4. Qc2 dxc4 5. Qxc4 Bf5 6. g3 e6 7. Bg2 Nbd7 8. O-O Be7 9. Rd1 O-O 10.
e3 h6 11. Nc3 Rc8 12. Qe2 Ne4 13. Ne1 Nxc3 14. bxc3 Bg6 15. Nd3 Qa5 16. Bd2 Qa6 17. Bf1 c5 18. Nf4 Qxe2 19. Bxe2 Bh7 20. Bf3 b6 21. a4 Rfd8 22. a5 b5 23. a6 Nb6 24.
Bb7 Rc7 25. e4 Nc4 26. d5 Bxe4 27. Be1 g5 28. dxe6 Rxd1 29. Rxd1 Bxb7 30. axb7 Rxb7 31.
exf7+ Kxf7 32. Nd5 a5 33. Ra1 b4 34. cxb4 cxb4 35. f4 b3 36. Bc3 b2 37. Bxb2 Rxb2 38.
Rc1 Nd2 39. Rc7 Nf3+ 40. Kf1 Nxh2+ 41. Ke1 Nf3+ 42. Kf1 Nd2+ 43. Ke2 gxf4 44. Rxe7+ Kf8 45. gxf4 a4 46. Ra7 a3 47. Kd3 a2 48. Nc3 Nf3 49.
Nxa2 Nh4 50. Nc3 Rf2 51. Ke4 Ng2 52. Nd5 Re2+ 53. Kf5 Ne3+ 54. Nxe3 Rxe3 55. Kf6 Kg8 56. f5 Re1 57. Rg7+ Kh8 58. Rg6 Kh7 59. Rg7+ Kh8 60.
Ra7 Rg1 61. Ra8+ Kh7 62. Kf7 h5 63. f6 Rf1 64. Ke6 Re1+ 65. Kd6 Kg6 66. Rf8 1-0

[Event "Late-Titled-Tuesday-Blitz-October-03-2023"]
[Site "Chess.com"]
[Date "2023.10.03"]
[Round "1"]
[White "emeli_chess"]
[Black "jk13"]
[Result "0-1"]
[WhiteElo "2358"]
[BlackElo "2661"]
[TimeControl "180+1"]
[EndTime "14:08:22 PDT"]
[Termination "jk13 won by resignation"]

1. d4 d5 2. c4 c6 3. Nc3 Nf6 4.
e3 e6 5. Nf3 Nbd7 6. Bd3 dxc4 7. Bxc4 b5 8. Bd3 Bd6 9. O-O Bb7 10. e4 e5 11. Bg5 h6 12. Bh4 O-O 13. d5 cxd5 14.
Nxd5 a6 15. a4 Re8 16. axb5 Bxd5 17. exd5 e4 18. bxa6 exd3 19. Qxd3 Qb6 20. Ra2 Nc5 21. Qf5 Nfe4 22. a7 Rxa7 23. Rxa7 Qxa7 24. b4 Nd3 25. b5 g5 26. Bxg5 hxg5 27. Nxg5 Nxg5 28. Qxg5+ Kf8 29. Qh6+ Ke7 30. Qh4+ Kd7 31. Qh3+ Kd8 32. Qxd3 Qc5 33. g3 Re5 34. Rd1 Bc7 35. Kg2 Bb6 36. Rd2 Qd6 37. Qc4 Bc5 38. h4 Ke7 39. Qf4 Kf8 40. h5 Rxh5 41. Qxd6+ Bxd6 42. b6 Ke7 43. Rc2 Rxd5 44. Rc8 Rb5 45. Rc6 Kd7 46. Rc4 Rxb6 47. f4 Rb3 48. Kh3 Ke6 49. Kg4 f5+ 50. Kh3 Kd5 51. Ra4 Bc5 52. Kh4 Bf2 53. Kg5 Bxg3 54.
Kxf5 Bf2 55. Kf6 Bd4+ 56. Kg6 Rb6+ 57. Kf5 Rf6+ 58. Kg5 Rf8 59. f5 Ke4 60. f6 Ke5 61.
Ra5+ Ke6 62. Ra6+ Kf7 63. Rd6 Be5 64. Rd7+ Ke6 65. Re7+ Kd6 66. Rg7 Bxf6+ 67. Kg6 Bxg7 68. Kxg7 Rf5 0-1

[Event "Late-Titled-Tuesday-Blitz-October-03-2023"]
[Site "Chess.com"]
[Date "2023.10.03"]
[Round "1"]
[White "Djager97"]
[Black "ritanovikova"]
[Result "1-0"]
[WhiteElo "2548"]
[BlackElo "2187"]
[TimeControl "180+1"]
[EndTime "14:08:26 PDT"]
[Termination "Djager97 won on time"]

1. e4 d5 2. exd5 Qxd5 3. Nc3 Qd6 4. d4 Nf6 5. Nf3 a6 6. g3 Bg4 7. h3 Bxf3 8. Qxf3 Nc6 9. Be3 O-O-O 10. O-O-O e6 11.
Bg2 Nd5 12. Nxd5 exd5 13. Qxf7 Nb4 14. Kb1 Rd7 15. Qe8+ Rd8 16. Qe5 Qb6 17. c3 Nc6 18. Qf5+ Kb8 19. Qd3 Ba3 20. Bc1 Na5 21. Ka1 Be7 22.
Rhe1 Bf6 23. Re2 Rhe8 24. Rxe8 Rxe8 25. Bxd5 Qd6 26. Bf3 Nc6 27. Bf4 Qd7 28. Qd2 h6 29. Re1 Rd8 30. h4 Na5 31. Qe2 Qa4 32. Qe6 Qb5 33.
Qf7 Rd7 34. Qe8+ Ka7 35. Bg4 Re7 36. Rxe7 Bxe7 37. Qxb5 axb5 38. Bxc7 Nc4 39. Kb1 Nd2+ 40. Kc2 Ne4 41. f3 Nf6 42. Be5 Ne8 43. Bh5 Nf6 44.
g4 Kb6 45. Bg6 Bf8 46. g5 hxg5 47. hxg5 Nd5 48. f4 Ne3+ 49. Kd3 Nc4 50. b3 Na5 51. Be4 Ka6 52. f5 b6 53. g6 b4 54. c4 Nb7 55. Bxb7+ Kxb7 56. f6 gxf6 57. Bxf6 1-0

[Event "Late-Titled-Tuesday-Blitz-October-03-2023"]
[Site "Chess.com"]
[Date "2023.10.03"]
[Round "1"]
[White "ChristopherYoo"]
[Black "Leebit02"]
[Result "1-0"]
[WhiteElo "2992"]
[BlackElo "2495"]
[TimeControl "180+1"]
[EndTime "14:08:27 PDT"]
[Termination "ChristopherYoo won on time"]

1. c4 e6 2. Nf3 d5 3. g3 Nf6 4.
Bg2 d4 5. O-O c5 6. b4 cxb4 7. a3 Nc6 8. d3 a5 9. axb4 Bxb4 10.
Ba3 Bxa3 11. Nxa3 O-O 12. Qb3 Nd7 13. Nb5 e5 14. Qa3 Nb4 15. Rab1 Ra6 16. Rb2 Re8 17. Nd2 Nc5 18. Ne4 Nxe4 19. Bxe4 f5 20. Bg2 Qb6 21.
Bd5+ Kh8 22. Rxb4 axb4 23. Qxb4 Bd7 24. Bf7 Rea8 25. Qe7 Bxb5 26. cxb5 Qxb5 27. Bc4 Qe8 28. Qxe8+ Rxe8 29. Bxa6 bxa6 30. Ra1 Re6 31. Ra5 g6 32.
Kf1 Kg7 33. f4 e4 34. Rd5 exd3 35. exd3 Rb6 36. Rxd4 Kf6 37. Rd7 h6 38. Ra7 g5 39.
Ke2 Ke6 40. Ke3 Kd5 41. Rf7 Ke6 42. Rf8 Rd6 43. h4 gxh4 44. gxh4 Rb6 45. h5 a5 46.
Ra8 Rb5 47. Ra6+ Kf7 48. Rxh6 Rb2 49. Ra6 Ra2 50. h6 Kg8 51. Ra7 Ra1 52. h7+ Kh8 53. Kd4 a4 54. Ke5 a3 55. Kxf5 a2 56. d4 Rd1 57. Rxa2 Rxd4 58. Ke5 Rd7 59. Rg2 Rxh7 60. f5 Rh3 61. f6 Re3+ 62. Kd6 Rf3 63. Ke7 1-0

[Event "Late-Titled-Tuesday-Blitz-October-03-2023"]
[Site "Chess.com"]
[Date "2023.10.03"]
[Round "1"]
[White "GameOverBro"]
[Black "Abund"]
[Result "0-1"]
[WhiteElo "2425"]
[BlackElo "2768"]
[TimeControl "180+1"]
[EndTime "14:08:27 PDT"]
[Termination "Abund won on time"]

1. e4 e5 2. Nf3 Nc6 3. Bb5 a6 4. Ba4 Nf6 5. d4 exd4 6. O-O Bc5 7. e5 Nd5 8. c3 O-O 9. cxd4 Ba7 10. Bb3 Nce7 11. Bg5 Qe8 12. Re1 h6 13. Bh4 b5 14.
Nbd2 Bb7 15. Rc1 Rc8 16. Ne4 Nf5 17. Bg3 Qe7 18. Bc2 Qb4 19. Nf6+ Nxf6 20. exf6 Nxd4 21. fxg7 Rfe8 22. Rxe8+ Rxe8 23. Nxd4 Qxd4 24. Qxd4 Bxd4 25. Bxc7 Bxb2 26. Rb1 Bxg7 27. Bd3 Bd5 28. a3 Ba2 29.
Rc1 Bb2 30. Rd1 Bb3 31. Rb1 Bd5 32. Bd6 Bc3 33. h4 Re6 34. Bc5 Re1+ 35. Rxe1 Bxe1 36. Kf1 Bc3 37. Ke2 Bxg2 38. f3 Bh3 39. Be4 Be6 40. Bb7 a5 41. Kd3 b4 42. axb4 Bxb4 43.
Be3 Bf8 44. Kc3 h5 45. Bb6 a4 46. Be4 Be7 47. Bf2 a3 48. Bb1 a2 49. Bxa2 Bxa2 50.
Kd4 Be6 51. Ke4 Kg7 52. Kf4 Kg6 53. Ke4 Bf6 54. Kf4 Bd8 55. Ke4 Bc7 56. Kd3 Kf5 57.
Be3 Bg3 58. Bg5 f6 0-1

[Event "Late-Titled-Tuesday-Blitz-October-03-2023"]
[Site "Chess.com"]
[Date "2023.10.03"]
[Round "1"]
[White "Ducke13"]
[Black "Fandorine"]
[Result "0-1"]
[WhiteElo "2483"]
[BlackElo "2938"]
[TimeControl "180+1"]
[EndTime "14:08:30 PDT"]
[Termination "Fandorine won by checkmate"]

1. d4 Nf6 2. g3 g6 3. Bg2 d5 4.
Nf3 Bg7 5. c4 O-O 6. cxd5 Nxd5 7. O-O c5 8. dxc5 Na6 9. c6 bxc6 10. Na3 Rb8 11. e4 Ndb4 12. Bf4 Rb7 13. Nc4 Be6 14. Qe2 Nd3 15. Nce5 Nxf4 16. gxf4 Qb6 17. b3 Nb8 18.
Rac1 Rc7 19. Rfd1 c5 20. Nc4 Bxc4 21. Rxc4 e6 22. e5 Nc6 23. Rdc1 Ne7 24. Ng5 Nf5 25. Ne4 Rfc8 26. Qc2 Bh6 27. Nf6+ Kg7 28. Qe4 a5 29. Bh3 Nd4 30. Kg2 Qc6 31. Bg4 Qxe4+ 32.
Nxe4 Bxf4 33. Rxc5 Bxc1 34. Rxc7 Rxc7 35. Nd6 Kf8 36. Nc4 a4 37. Bd1 axb3 38. axb3 Rb7 39. Nd6 Rb8 40. Ne4 Bf4 41. Nf6 Ke7 42. Ne4 Bxe5 43.
Nc3 Nxb3 44. Na4 Bd4 45. Kf3 Rb4 46. Nb6 Bxb6 47. Ke2 Nd4+ 48. Kd3 Bc5 49. h4 Kd6 50. h5 gxh5 51. f4 f5 52. Ke3 h4 53.
Kf2 h6 54. Kg2 Rc4 55. Kh3 Nc6 56. Kxh4 Rxf4+ 57. Kh5 Ke5 58. Kg6 Ne7+ 59. Kxh6 Rf1 60. Be2 Rg1 61. Kh7 f4 62. Bd3 f3 63. Kh8 f2 64.
Kh7 Kf6 65. Be4 e5 66. Kh6 Bd4 67. Kh5 Nc8 68. Kh4 Nd6 69. Kh3 Nxe4 70. Kh2 Nd6 71. Kh3 e4 72. Kh2 e3 73. Kh3 e2 74. Kh4 Nf5+ 75.
Kh5 Rg5# 0-1

[Event "Late-Titled-Tuesday-Blitz-October-03-2023"]
[Site "Chess.com"]
[Date "2023.10.03"]
[Round "1"]
[White "kingofthenil"]
[Black "stasOR4ik"]
[Result "1-0"]
[WhiteElo "2802"]
[BlackElo "2432"]
[TimeControl "180+1"]
[EndTime "14:08:30 PDT"]
[Termination "kingofthenil won by checkmate"]

1. e4 c6 2. c4 d5 3. cxd5 cxd5 4. exd5 Nf6 5. Nc3 Nxd5 6. Nf3 Nc6 7. Bb5 Bg4 8. Qa4 Nxc3 9. Bxc6+ bxc6 10. Qxc6+ Bd7 11. Qxc3 Bb5 12. Qb3 Rb8 13. Ne5 e6 14. a4 Ba6 15.
Qf3 Qc7 16. Nxf7 Bc4 17. Nxh8 Rb3 18. Qf7+ Qxf7 19. Nxf7 Kxf7 20. d3 Rxd3 21. Bd2 Bd5 22. f3 Rb3 23. O-O-O Be7 24. Bc3 Bg5+ 25. Kc2 Rb7 26.
Rhe1 Bb3+ 27. Kd3 Bxd1 28. Rxd1 Rd7+ 29. Ke2 Rxd1 30. Kxd1 g6 31. Ke2 Ke7 32. Kd3 Kd6 33.
Kc4 Kc6 34. Be5 a6 35. b4 Bd8 36. b5+ axb5+ 37. axb5+ Kb7 38. Kc5 Be7+ 39. Bd6 Bd8 40. Bf8 Bc7 41. h3 Bg3 42. Bd6 Bf2+ 43. Kc4 Kb6 44. Be7 Kb7 45. Bc5 Bg3 46. Kd3 Kc7 47. Ke4 Kd7 48. Bd4 Bd6 49. Be5 Bc5 50. Kf4 Ke7 51. Kg5 Bb6 52. Kh6 Kf7 53. Kxh7 Bd8 54. g3 Bb6 55. h4 Bc5 56. g4 Bb6 57. h5 gxh5 58. g5 Ba5 59. g6+ Ke7 60. g7 Bc3 61.
g8=Q Bxe5 62. Kg6 Kd6 63. Kf7 h4 64. Qg6 h3 65. Qxe6+ Kc5 66. Qxe5+ Kb6 67. Qe6+ Ka5 68. Qxh3 Kb6 69. Qf5 Ka7 70. Qc5+ Kb7 71. Qd6 Ka8 72. Ke6 Kb7 73. Kd5 Kc8 74. Qe7 Kb8 75. Kc6 Ka8 76. Qb7# 1-0

[Event "Late-Titled-Tuesday-Blitz-October-03-2023"]
[Site "Chess.com"]
[Date "2023.10.03"]
[Round "1"]
[White "OparinGrigoriy"]
[Black "Marcin"]
[Result "1-0"]
[WhiteElo "2995"]
[BlackElo "2497"]
[TimeControl "180+1"]
[EndTime "14:08:31 PDT"]
[Termination "OparinGrigoriy won on time"]

1. d4 d5 2. Nf3 Nf6 3. Bg5 e6 4. Nbd2 Be7 5. e3 h6 6. Bf4 O-O 7. Bd3 Nbd7 8. h3 c5 9. c3 b6 10.
Qe2 Bb7 11. O-O Ne4 12. a4 Ndf6 13. Ne5 Bd6 14. Ndf3 Qc7 15. Rfc1 Rfe8 16. c4 dxc4 17. Bxc4 Nd5 18. Bh2 Qe7 19. dxc5 Bxc5 20. Bb5 Rec8 21. Nd4 Nb4 22. Qg4 Qf6 23. f3 Bxd4 24. exd4 Nd2 25. Nd7 Qg5 26. Qxg5 hxg5 27. Rc3 Bd5 28. Rac1 Rd8 29.
Rc7 Nb3 30. Rd1 a6 31. Bf1 Rac8 32. Rxc8 Rxc8 33. Nxb6 Rc2 34. Nxd5 exd5 35. Bd6 a5 36. Re1 Rxb2 37. Re5 f6 38. Re8+ Kf7 39. Re7+ Kg6 40. Bxb4 axb4 41. Bd3+ Kh6 42. Rb7 Nc1 43. Bf1 b3 44. a5 Ra2 45. Rb5 b2 46. a6 Ne2+ 47. Bxe2 Ra1+ 48. Kf2 b1=Q 49. Rxb1 Rxb1 50. Bd3 Ra1 51.
Ke2 g6 52. Kd2 Ra3 53. Kc2 f5 54. Kb2 Ra5 55. Kb3 g4 56. Kb4 Ra1 57. fxg4 fxg4 58. hxg4 Kg5 59. Bb5 Kxg4 60. Ba4 Rb1+ 61. Ka5 Rb8 62. Bc6 Kf4 63. a7 Rd8 64. Kb5 1-0

[Event "Late-Titled-Tuesday-Blitz-October-03-2023"]
[Site "Chess.com"]
[Date "2023.10.03"]
[Round "1"]
[White "Metadast"]
[Black "Elbebiber"]
[Result "1-0"]
[WhiteElo "2538"]
[BlackElo "2144"]
[TimeControl "180+1"]
[EndTime "14:08:31 PDT"]
[Termination "Metadast won on time"]

1. e4 d5 2. exd5 Nf6 3. Bb5+ Bd7 4. Bc4 Bg4 5. f3 Bf5 6. g4 Bc8 7. Nc3 c6 8. dxc6 Nxc6 9. Nge2 e6 10. d4 Bb4 11. Bg5 h6 12. Bh4 Qa5 13. a3 Be7 14. Bg3 Nd5 15. b4 Qd8 16. Nxd5 exd5 17. Bd3 Bf6 18. c3 Be6 19. O-O O-O 20. Bc2 g6 21.
Nf4 Qd7 22. Nxe6 Qxe6 23. Qd2 Kg7 24. Rae1 Qd7 25. h3 Rac8 26. f4 Rfe8 27. f5 g5 28. Qd3 Rxe1 29. Rxe1 Re8 30. Re3 a6 31. Bb3 Re7 32. Rxe7 Nxe7 33. Be5 Nc6 34. Bxf6+ Kxf6 35. Qf3 Ne7 36. Qe3 Qd6 37. h4 Nc6 38. Kg2 b5 39.
hxg5+ hxg5 40. Qg3 Qxg3+ 41. Kxg3 Ne7 42. a4 Kg7 43.
axb5 axb5 44. Bc2 f6 45. Bd3 Nc8 46. Bxb5 Nd6 47. Bd3 Kf7 48. Kf2 Ke7 49. Ke3 Kd7 50. Kd2 Kc6 51. Kc2 Nf7 52. Kb3 Nh6 53. Be2 Nf7 54. Bf3 Nd6 55. Be2 Ne4 56. Bf3 Nd2+ 57. Kc2 Nxf3 58. Kd3 Nh4 59. c4 dxc4+ 60. Kxc4 Nf3 61.
b5+ Kb6 62. Kd5 Kxb5 63. Ke6 Kc6 64. Kxf6 Kd5 65. Kg6 Kxd4 66. f6 1-0